AoeStats
← ArchiDrum

Arena

509738424Analyzed
1v1 RM · 3d ago on Sep 27, 2026· 47m 39s· 2 players
Game mode
Random Map
Map size
Tiny (2 player)
Population
200
Speed
Normal
Resources
Standard
Victory
Conquest
Starting age
Dark Age
Ending age
Imperial Age
RankedLock teamsTeams togetherTeam positionsShared explorationLock speedFull tech treeHidden civsTurbo modeCheats
Victory
Defeat
🇹🇷 Cumans · Türkiye
960
+16
🇨🇿 Italians · Czechia
966
-16
OSAYI SAMUEL
11:33 Feudal Age
11:32 Loom
13:10 Double-Bit Axe
14:25 Gold Mining
15:29 Forging
16:22 Fletching
26:15 Scale Barding Armor
30:45 Castle Age
30:12 Stone Mining
30:04 Horse Collar
31:34 Wheelbarrow
31:12 Scale Barding Armor
32:39 Iron Casting
33:15 Bow Saw
33:42 Gold Shaft Mining
32:56 Light Cavalry
34:02 Chain Barding Armor
34:45 Bloodlines
35:02 Hand Cart
42:19 Imperial Age
42:28 Cavalier
42:31 Hussar
44:20 Blast Furnace
45:28 Paladin
ArchiDrum
10:51 Feudal Age
10:19 Loom
11:36 Double-Bit Axe
11:49 Horse Collar
16:51 Castle Age
15:07 Stone Mining
15:51 Fletching
16:02 Gold Mining
18:10 Bow Saw
34:08 Bloodlines
35:16 Forging
36:26 Husbandry
37:05 Iron Casting
37:20 Bodkin Arrow
38:23 Wheelbarrow
42:11 Imperial Age
39:55 Padded Archer Armor
40:19 Heavy Plow
39:50 Light Cavalry
42:11 Ballistics
42:02 Masonry
42:09 Fortified Wall
42:10 Masonry
44:50 Conscription
45:37 Bracer
46:50 Cavalier
Connection lost

Rejoining the realm…

Still unreachable

The connection could not be restored.

Session expired

The server has moved on; the page needs a fresh start.